 Dungeon Crawl Stone Soup version 0.30-a0-1016-gfb0d676c02 (webtiles) character file.

Game seed: 16352998397738256707

32131 Maxmaps the Bludgeoner (level 13, -32/86 HPs)
             Began as a Demonspawn Monk on Apr 6, 2023.
             Was an Initiate of Gozag.
             Annihilated by Rupert
             ... wielding a +1 great mace of holy wrath
              (53 damage)
             ... on level 4 of the Lair of Beasts.
             The game lasted 00:19:51 (13116 turns).

Maxmaps the Bludgeoner (Demonspawn Monk)           Turns: 13116, Time: 00:19:52

Health: -32/86     AC: 20    Str: 13    XL:     13   Next: 29%
Magic:  13/13      EV: 10    Int: 16    God:    Gozag
Gold:   3448       SH:  7    Dex: 19    Spells: 12/12 levels left

rFire   + . .      SeeInvis .    x - +6 eveningstar of Chance {flame, Will+ Dex+2}
rCold   . . .      Faith    .    p - +1 buckler
rNeg    . . .      Spirit   .    q - +0 chain mail "Niguts" {Str+2}
rPois   +          Reflect  .    (helmet restricted)
rElec   .          Rampage  .    n - +0 cloak
rCorr   +                        j - +0 pair of gloves
Will    +....                    U - +1 pair of boots of Words of Power {rPois} Stlth
                                 J - amulet of regeneration
HPRegen 3.14/turn                m - ring of protection from fire
MPRegen 0.13/turn                G - ring of resist corrosion

@: gold aura
A: horns 2, thin metallic scales 1, ignite blood 3, powered by death 2
a: Renounce Religion, Potion Petition, Call Merchant, Bribe Branch


You were on level 4 of the Lair of Beasts.
You worshipped Gozag.
Gozag was most pleased with you.
You visited 3 branches of the dungeon, and saw 16 of its levels.
You also visited: Ossuary and Bailey.

You collected 3827 gold pieces.
You spent 379 gold pieces at shops.

Inventory:

Hand Weapons
 x - the +6 eveningstar of Chance (weapon) {flame, Will+ Dex+2}
   (You acquired it on level 5 of the Dungeon)

   Dex:       It affects your dexterity (+2).
   Will:      It increases your willpower.
Missiles
 I - a throwing net (quivered)
Armour
 j - a +0 pair of gloves (worn)
 n - a +0 cloak (worn)
 p - a +1 buckler (worn)
 q - the +0 chain mail "Niguts" (worn) {Str+2}
   (You bought it in a shop on level 7 of the Dungeon)

   Str:       It affects your strength (+2).
 U - the +1 pair of boots of Words of Power (worn) {rPois}
   (You found it on level 2 of the Lair of Beasts)

   rPois:     It protects you from poison.
Jewellery
 c - a +6 ring of intelligence
 m - a ring of protection from fire (left hand)
 w - an amulet of magic regeneration
 G - a ring of resist corrosion (right hand)
 J - an amulet of regeneration (around neck)
 P - a ring of protection from cold
 R - a ring of poison resistance
 S - a ring of magical power
Wands
 b - a wand of iceblast (8)
 g - a wand of digging (5)
 B - a wand of light (14)
 E - a wand of flame (61)
 T - a wand of paralysis (3)
Scrolls
 a - 7 scrolls of teleportation
 h - a scroll of blinking
 k - 2 scrolls of silence
 l - 3 scrolls of immolation
 r - 2 scrolls of fear
 u - 4 scrolls of fog
 y - 5 scrolls of poison
 D - 3 scrolls of amnesia
 F - 9 scrolls of identify
 H - 6 scrolls of enchant armour
 K - a scroll of brand weapon
 N - 8 scrolls of enchant weapon
 O - 2 scrolls of summoning
Potions
 d - 2 potions of brilliance
 e - 9 potions of haste
 f - 5 potions of flight
 i - 3 potions of invisibility {unknown}
 o - 5 potions of ambrosia
 s - 2 potions of berserk rage
 t - 6 potions of heal wounds
 v - 2 potions of lignification
 z - a potion of mutation
 A - 7 potions of curing
 C - 3 potions of resistance
 L - a potion of might {unknown}
 M - 2 potions of cancellation {unknown}
 Q - a potion of degeneration {unknown}


   Skills:
 - Level 3.0 Fighting
 + Level 15.0 Maces & Flails
 - Level 13.0 Armour
 - Level 6.1 Dodging
 - Level 1.7 Stealth
 - Level 4.1 Shields
 - Level 2.6 Unarmed Combat


You had 12 spell levels left.
You didn't know any spells.
Your spell library contained the following spells:

 Spells                   Type           Power      Damage    Failure   Level
 Beastly Appendage        Tmut           0%         N/A       97%         1
 Necrotise                Necr           0%         1d4       97%         1
 Sublimation of Blood     Necr           0%         N/A       99%         2
 Wereblood                Tmut           0%         N/A       99%         2
 Ozocubu's Armour         Ice            0%         N/A       100%        3
 Spider Form              Tmut/Pois      0%         N/A       100%        3
 Vampiric Draining        Necr           0%         2d6       100%        3
 Anguish                  Hex/Necr       0%         N/A       100%        4
 Cause Fear               Hex            0%         N/A       100%        4
 Leda's Liquefaction      Hex/Erth       0%         N/A       100%        4
 Summon Ice Beast         Ice/Summ       0%         N/A       100%        4
 Agony                    Necr           0%         N/A       100%        5
 Lee's Rapid Deconstruct  Erth           0%         3d4*      100%        5
 Summon Forest            Summ/Tloc      0%         N/A       100%        5
 Summon Mana Viper        Hex/Summ       0%         N/A       100%        5
 Statue Form              Tmut/Erth      0%         N/A       100%        6
 Summon Cactus Giant      Summ           0%         N/A       100%        6
 Enfeeble                 Hex            0%         N/A       100%        7
 Monstrous Menagerie      Summ           0%         N/A       100%        7
 Ozocubu's Refrigeration  Ice            0%         4d7       100%        7
 Summon Hydra             Summ           0%         N/A       100%        7


Dungeon Overview and Level Annotations

Branches:
Dungeon (11/15)            Temple (1/1) D:6            Lair (4/5) D:8
 Shoals (0/4) Lair:2        Snake (0/4) Lair:3          Orc (0/2) D:11
Ossuary (visited)          Bailey (visited)
  Slime: Lair:4-5

Altars:
Ashenzari
Cheibriados
Dithmenos
Fedhas
Gozag
Hepliaklqana
Kikubaaqudgha
Makhleb
Nemelex Xobeh
Okawaru
Qazlal
Ru
Sif Muna
Trog
Uskayaw
Vehumet
Wu Jian
Xom
Yredelemnul

Shops:
D:3 *   D:4 ?   D:7 [

Annotations:
Lair:4 Rupert


Innate Abilities, Weirdness & Mutations

You have a pair of horns on your head.
You are partially covered in thin metallic scales. (AC +2)
Your demonic aura causes all spilled blood to erupt in flames.
You regenerate health from kills.


Message History

The black mamba is engulfed in blazing flames.
You block the black mamba's attack.
Rupert is engulfed in blazing flames.
Rupert hits you with a +1 great mace of holy wrath!
You convulse!
The black mamba is engulfed in blazing flames.
The black mamba bites you.
You hit Rupert.
Rupert is heavily wounded.
The plant is engulfed in blazing flames.
The black mamba is engulfed in blazing flames.
The black mamba closely misses you.
Rupert is engulfed in blazing flames.
Rupert barely misses you.
You impale the black mamba!! You burn the black mamba.
You kill the black mamba!
The plant is engulfed in blazing flames.
Rupert is engulfed in blazing flames.
Rupert roars madly and goes into a rage!
Rupert goes berserk!
Your Maces & Flails skill increases to level 15!
You thump Rupert! You burn Rupert.
Rupert is severely wounded.
The plant is engulfed in blazing flames.
Rupert is engulfed in blazing flames.
Rupert hits you but does no damage.
You closely miss Rupert. You headbutt Rupert!
Rupert is severely wounded.
The plant is engulfed in blazing flames.
Rupert is engulfed in blazing flames.
Rupert hits you with a +1 great mace of holy wrath!
You convulse.
You hit Rupert but do no damage.
Rupert is severely wounded.
The plant is engulfed in blazing flames.
A nearby plant withers and dies.
Rupert is engulfed in blazing flames.
Rupert closely misses you.
Rupert is engulfed in blazing flames.
Rupert hits you with a +1 great mace of holy wrath!!!
* * * LOW HITPOINT WARNING * * *
You convulse!!!
Ouch! That really hurt!
You die...
Your body crumbles into a pile of gold.

.. .. #...# .#
.. .... ... .#
...# ..## ##
... #...#
##..###...P#
.........# .
#°@°...# ###..
##@.§.# .....
####§....#
.....
##......#P#
..... #.#....##
# ####
###....##
##.....## ###
#P....##
##.######....##
###.[.##....##


You could see Rupert (berserk).

Vanquished Creatures
  Gastronok (D:11)
  Snorg (D:10)
  Fannar (D:11)
  Erica (Lair:1)
  3 two-headed ogres
  5 death yaks
  Lodul (D:11)
  2 orc knights (Bailey)
  A merfolk siren (Lair:2)
  6 black mambas
  2 torpor snails (Lair:4)
  6 cane toads
  A rime drake (Lair:2)
  6 komodo dragons
  A troll (D:9)
  3 polar bears
  A hornet (D:10)
  Grinder (D:3)
  A shadow (D:9)
  Sigmund (D:3)
  2 wyverns
  A vampire (D:9)
  40 yaks
  8 humans (D:7)
  2 basilisks
  Menkaure (Ossuary)
  A steam dragon (D:8)
  2 vampire mosquitoes (D:11)
  A naga (Lair:3)
  An acid dragon (D:11)
  9 water moccasins
  9 orc warriors
  9 ogres
  A black bear (D:7)
  10 wolves
  2 centaurs
  A phantom (D:4)
  5 kobold brigands
  A gnoll sergeant (D:11)
  10 bullfrogs
  6 scorpions
  8 wights
  8 killer bees
  A howler monkey (D:3)
  4 gnoll boudas
  3 hounds
  3 jellies
  5 orc priests
  A sleepcap (D:5)
  2 iguanas (D:6)
  Ijyb (D:3)
  9 orc wizards
  A hell rat (D:7)
  3 mummies (Ossuary)
  23 gnolls
  6 adders
  2 shadow imps
  A white imp (D:7)
  3 ufetubi
  2 worms
  3 dart slugs
  52 orcs
  5 ball pythons
  10 endoplasms
  2 giant cockroaches
  6 gnoll zombies (Ossuary)
  10 goblins
  4 hobgoblins
  6 jackals
  6 quokkas
  4 bats
  5 frilled lizards
  4 gnoll skeletons (Ossuary)
  5 goblin skeletons (Ossuary)
  3 goblin zombies (Ossuary)
  4 hobgoblin skeletons (Ossuary)
  3 hobgoblin zombies (Ossuary)
  19 kobolds
  3 kobold skeletons (Ossuary)
  4 kobold zombies (Ossuary)
  6 orc skeletons (Ossuary)
  5 orc zombies (Ossuary)
  5 rats
  3 rat skeletons (Ossuary)
  4 rat zombies (Ossuary)
434 creatures vanquished.

Vanquished Creatures (others)
  10 fungi
  7 plants
17 creatures vanquished.

Grand Total: 451 creatures vanquished

Notes
Turn   | Place    | Note
-------+----------+-------------------------------------------
     0 | D:1      | Maxmaps the Demonspawn Monk began the quest for the Orb.
     0 | D:1      | Reached XP level 1. HP: 18/18 MP: 1/1
   180 | D:1      | Gained mutation: Your demonic aura sometimes causes spilled
                  | blood to erupt in flames. [demonic ancestry]
   180 | D:1      | Reached XP level 2. HP: 15/24 MP: 2/2
   402 | D:1      | Found a faded altar of an unknown god.
   468 | D:1      | You fall into a shaft and drop 1 floor!
   710 | D:2      | Reached XP level 3. HP: 23/29 MP: 3/3
  1182 | D:3      | Reached XP level 4. HP: 16/35 MP: 4/4
  1197 | D:3      | Noticed Grinder
  1204 | D:3      | Paralysed by Grinder for 4 turns
  1217 | D:3      | Paralysed by Grinder for 2 turns
  1235 | D:3      | Killed Grinder
  1236 | D:3      | Gained mutation: You regenerate a little health from kills.
                  | [demonic ancestry]
  1236 | D:3      | Reached XP level 5. HP: 22/41 MP: 5/5
  1354 | D:3      | Noticed Sigmund
  1378 | D:3      | Killed Sigmund
  1379 | D:3      | Gained mutation: Your demonic aura often causes spilled
                  | blood to erupt in flames. [demonic ancestry]
  1379 | D:3      | Reached XP level 6. HP: 47/47 MP: 6/6
  1437 | D:3      | Found Mianunil's General Store.
  1451 | D:3      | Bought a scroll of identify for 28 gold pieces
  1595 | D:3      | Noticed Ijyb
  1639 | D:3      | Killed Ijyb
  2138 | D:4      | Found a sand-covered staircase.
  2146 | Ossuary  | Entered an ossuary
  2525 | Ossuary  | Reached skill level 1 in Shields
  2574 | Ossuary  | Noticed Menkaure
  2596 | Ossuary  | Killed Menkaure
  2597 | Ossuary  | Gained mutation: You regenerate health from kills. [demonic
                  | ancestry]
  2597 | Ossuary  | Reached XP level 7. HP: 5/52 MP: 7/7
  2904 | D:4      | Found Livodue Esma's Magic Scroll Emporium.
  2909 | D:4      | Bought a scroll of blinking for 105 gold pieces
  2909 | D:4      | Bought a scroll of identify for 28 gold pieces
  3234 | D:5      | Entered Level 5 of the Dungeon
  3235 | D:5      | Identified a scroll of acquirement
  3235 | D:5      | Acquired the +6 eveningstar of Chance {flame, Will+ Dex+2}
  3276 | D:5      | Reached skill level 1 in Maces & Flails
  3298 | D:5      | Reached skill level 2 in Maces & Flails
  3305 | D:5      | Reached skill level 3 in Maces & Flails
  3305 | D:5      | Gained mutation: Your demonic aura causes all spilled blood
                  | to erupt in flames. [demonic ancestry]
  3305 | D:5      | Reached XP level 8. HP: 58/58 MP: 8/8
  3339 | D:5      | Reached skill level 4 in Maces & Flails
  3585 | D:5      | Found a radiant altar of Vehumet.
  3597 | D:5      | Reached skill level 5 in Maces & Flails
  3933 | D:5      | Found a large runed translucent door.
  3933 | D:5      | Found a large runed translucent door.
  4234 | D:5      | Found a shimmering blue altar of Sif Muna.
  4237 | D:5      | Found a basalt altar of Yredelemnul.
  4447 | D:6      | Reached skill level 6 in Maces & Flails
  4557 | D:6      | Found a staircase to the Ecumenical Temple.
  4659 | Temple   | Entered the Ecumenical Temple
  4690 | Temple   | Became a worshipper of Gozag Ym Sagoz the Greedy
  4802 | D:6      | Reached skill level 7 in Maces & Flails
  4837 | D:6      | Reached XP level 9. HP: 57/63 MP: 9/9
  5106 | D:6      | Found an ancient bone altar of Kikubaaqudgha.
  5406 | D:7      | Reached skill level 8 in Maces & Flails
  5426 | D:7      | Reached skill level 9 in Maces & Flails
  5433 | D:7      | Reached skill level 10 in Maces & Flails
  5469 | D:7      | Reached XP level 10. HP: 64/70 MP: 10/10
  5626 | D:7      | Reached skill level 11 in Maces & Flails
  5989 | D:7      | Identified the +10 spear of Yesterday {drain, rPois rF+
                  | MP+9 Dex-2}
  6002 | D:7      | Found Toozxaann's Antique Armour Emporium.
  6024 | D:7      | Bought a jewelled chain mail for 218 gold pieces
  6024 | D:7      | Identified the +0 chain mail "Niguts" {Str+2} (You bought
                  | it in a shop on level 7 of the Dungeon)
  6298 | D:8      | Noticed a death yak
  6300 | D:8      | Found a staircase to the Lair.
  6301 | D:8      | Noticed a death yak
  6303 | D:8      | Noticed a death yak
  6306 | D:8      | Killed a death yak
  6307 | D:8      | Reached skill level 12 in Maces & Flails
  6319 | D:7      | Killed a death yak
  6503 | D:7      | Killed a death yak
  6805 | D:8      | Reached skill level 13 in Maces & Flails
  6814 | D:8      | Gained mutation: You have a pair of small horns on your
                  | head. [demonic ancestry]
  6814 | D:8      | Reached XP level 11. HP: 73/75 MP: 11/11
  7878 | D:10     | Entered Level 10 of the Dungeon
  7906 | D:10     | Found an iron altar of Okawaru.
  7916 | D:10     | Reached skill level 14 in Maces & Flails
  7945 | D:10     | Found a flagged portal.
  7968 | Bailey   | Entered a bailey
  8089 | Bailey   | Noticed an orc knight
  8142 | Bailey   | Killed an orc knight
  8243 | Bailey   | Noticed an orc knight
  8254 | Bailey   | Killed an orc knight
  8258 | Bailey   | Reached skill level 5 in Armour
  8457 | D:10     | Found a broken altar of Ashenzari.
  8462 | D:10     | Noticed Snorg
  8466 | D:10     | Killed Snorg
  8647 | D:10     | Noticed a two-headed ogre
  8653 | D:10     | Killed a two-headed ogre
  8704 | D:10     | Found a stormy altar of Qazlal.
  8764 | D:10     | Found a hazy altar of Hepliaklqana.
  9047 | D:11     | Noticed a two-headed ogre
  9052 | D:11     | Killed a two-headed ogre
  9090 | D:11     | Noticed a two-headed ogre
  9096 | D:11     | Killed a two-headed ogre
  9135 | D:11     | Noticed Lodul
  9348 | D:10     | Acquired an amulet of regeneration
  9374 | D:11     | Killed Lodul
  9382 | D:11     | Gained mutation: You are partially covered in thin metallic
                  | scales. (AC +2) [demonic ancestry]
  9382 | D:11     | Reached XP level 12. HP: 78/81 MP: 12/12
  9527 | D:11     | Noticed Gastronok
  9541 | D:11     | Killed Gastronok
  9541 | D:11     | Noticed Fannar
  9545 | D:11     | Identified the +6 chain mail of Wupsaad {Harm Dex+4}
  9553 | D:11     | Killed Fannar
  9560 | D:11     | Reached skill level 10 in Armour
  9654 | D:11     | Found a staircase to the Orcish Mines.
 10206 | Lair:1   | Entered Level 1 of the Lair of Beasts
 10427 | Lair:1   | Noticed Erica
 10434 | Lair:1   | Killed Erica
 11501 | Lair:2   | Identified the +1 pair of boots of Words of Power {rPois}
 11550 | Lair:2   | Found a staircase to the Shoals.
 12096 | Lair:3   | Found a staircase to the Snake Pit.
 12317 | Lair:3   | Gained mutation: You have a pair of horns on your head.
                  | [demonic ancestry]
 12317 | Lair:3   | Reached XP level 13. HP: 86/86 MP: 13/13
 13107 | Lair:4   | Noticed Rupert
 13114 | Lair:4   | Reached skill level 15 in Maces & Flails
 13116 | Lair:4   | Annihilated by Rupert

Illustrated notes

Levels and vault maps discovered:
D:1:      lemuel_arrival_cross, layout_rooms,
          dreamdust_ecumenical_altar_angels_and_demons
D:2:      layout_rooms, minmay_tromino_v2
D:3:      layout_basic, serial_shops, shop, minmay_misc_feat_alley,
          minmay_misc_feat_rows, minmay_crystal_water, uniq_sigmund,
          uniq_grinder, uniq_ijyb
D:4:      layout_basic, nicolae_ossuary_entry_plus, serial_shops,
          nicolae_shop_hallway_plus, serial_glass, glass_columns_c,
          glass_columns_a
D:5:      layout_loops_ring, nicolae_vehumet_radiance, jmf_multi_god_temple2,
          minmay_misc_feat_nine_boxes, st_stairs_6, minmay_fractal_squares_5
D:6:      layout_layer_cave, kennysheep_mini_moat, temple_hall
D:7:      erik_cavepeople, layout_basic, serial_shops,
          nicolae_shop_competitors_out_of_business
D:8:      layout_gridville, dpeg_lair_monsters, minmay_unpleasant_kobolds
D:9:      layout_big_octagon
D:10:     layout_small_grid, nicolae_overflow_hidden_temple,
          general_overflow_altar, mainiacjoe_overflow_alcove_1,
          mainiacjoe_overflow_chevrons, enter_bailey_4, uniq_snorg
D:11:     layout_long_grid, minmay_orc_entry_temple_small, uniq_lodul,
          uniq_fannar, uniq_gastronok
Temple:   nicolae_temple_ecumenical_triangle
Lair:1:   layout_misc_corridors, grunt_megastairs_4, serial_bayou_shore_b,
          lemuel_fruit_fields, serial_bayou_shore_b, serial_bayou_shore_b,
          infiniplex_staircase_pool_2, serial_bayou_shore_b, lemuel_fruit_tree,
          uniq_erica
Lair:2:   layout_cave_pods, minmay_shoals_entry_lonely_mermaid,
          grunt_megastairs_1, serial_bayou_shore_a
Lair:3:   layout_regular_city, guppyfry_snake_entry_garden
Lair:4:   layout_concentric_octagons, uniq_rupert, uniq_nessos

Skill      XL: |  1  2  3  4  5  6  7  8  9 10 11 12 13 |
---------------+----------------------------------------+-----
Dodging        | 3 4 6 |  6.1
Armour         | 2 3 8 13 | 13.0
Shields        | 2 4 |  4.1
Maces & Flails | 3 7 10 13 14 15 | 15.0
Fighting       | |  3.0
Stealth        | |  1.7
Unarmed Combat | |  2.6

Action                     |  1- 3 |  4- 6 |  7- 9 | 10-12 | 13-15 || total
---------------------------+-------+-------+-------+-------+-------++-------
  Melee: Unarmed           |   109 |   339 |    36 |       |       ||   484
         Punch             |     4 |     3 |       |       |       ||     7
         Short sword       |       |       |    33 |       |       ||    33
         Eveningstar       |       |       |   165 |   479 |    60 ||   704
         Headbutt          |       |       |       |    82 |    19 ||   101
  Evoke: Wand              |       |    10 |     2 |       |       ||    12
    Use: Scroll            |     8 |     2 |     9 |     4 |       ||    23
         Potion            |     2 |     7 |       |       |       ||     9
   Stab: Sleeping          |     3 |       |     2 |       |       ||     5
         Distracted        |       |       |     1 |     8 |       ||     9
 Armour: Robe              |     9 |       |       |       |       ||     9
         Ring mail         |     6 |   115 |    69 |    10 |       ||   200
         Skin              |       |     4 |       |       |       ||     4
         Chain mail        |       |       |       |   170 |    11 ||   181
  Dodge: Dodged            |    72 |   196 |   160 |   156 |     9 ||   593
  Block: Buckler           |       |    28 |    83 |   141 |    11 ||   263

Table legend: (Time is in decaauts)
 A = Elapsed time spent in this place.
 B = Non-inter-level travel time spent in this place.
 C = Inter-level travel time spent in this place.
 D = Time resting spent in this place.
 E = Time spent auto-exploring this place.
 F = Levels seen in this place.
 G = Mean time per level.
                   A        B        C        D        E       F      G
               +--------+--------+--------+--------+--------+-----+--------+
         Total |  13113 |  12620 |    493 |    777 |   9003 |  18 |  728.5 |
       Dungeon |   9125 |   8705 |    420 |    679 |   6178 |  11 |  829.5 |
        Temple |     40 |     40 |      0 |      0 |     23 |   1 |   40.0 |
          Lair |   2910 |   2839 |     71 |      0 |   2471 |   4 |  727.5 |
       Ossuary |    671 |    671 |      0 |     98 |    190 |   1 |  671.0 |
        Bailey |    364 |    364 |      0 |      0 |    140 |   1 |  364.0 |
               +--------+--------+--------+--------+--------+-----+--------+

Top non-repeatable levels by time:
  Lair:2: 1214 daAuts
     D:7: 1162 daAuts
     D:5: 1074 daAuts
     D:6: 1033 daAuts
     D:3: 1016 daAuts
    D:10: 995 daAuts
    D:11: 903 daAuts
  Lair:3: 780 daAuts
     D:8: 722 daAuts
  Lair:1: 686 daAuts
     D:9: 683 daAuts
 Ossuary: 671 daAuts
     D:1: 546 daAuts
     D:2: 511 daAuts
     D:4: 474 daAuts
